 Dungeon Crawl Stone Soup version 0.28-a0-422-gd71735cc25 (webtiles) character file.

Game seed: 8635866454656860617

60 lmSkywalker the Chopper (level 3, -3/31 HPs)
             Began as a Minotaur Fighter on Sept 8, 2021.
             Slain by Sigmund (11 damage)
             ... on level 2 of the Dungeon.
             The game lasted 00:01:13 (1298 turns).

lmSkywalker the Chopper (Minotaur Fighter)          Turns: 1298, Time: 00:01:14

Health: -3/31      AC:  6    Str: 21    XL:     3   Next: 80%
Magic:  2/2        EV:  9    Int:  5    God:
Gold:   80         SH:  4    Dex:  9    Spells: 2/2 levels left

rFire   . . .      SeeInvis .   a - +0 war axe
rCold   . . .      Faith    .   c - +0 buckler
rNeg    . . .      Spirit   .   b - +0 scale mail
rPois   .          Reflect  .   (helmet restricted)
rElec   .          Harm     .   (no cloak)
rCorr   .          Rampage  .   (no gloves)
Will    .....                   (no boots)
Stlth   ..........              (no amulet)
HPRegen 0.10/turn               (no ring)
MPRegen 0.08/turn               (no ring)

@: no status effects
A: horns 2, retaliatory headbutt
a: no special abilities


You were on level 2 of the Dungeon.
You visited 1 branch of the dungeon, and saw 2 of its levels.

You collected 80 gold pieces.

Inventory:

Hand Weapons
 a - a +0 war axe (weapon)
Armour
 b - a +0 scale mail (worn)
 c - a +0 buckler (worn)
Jewellery
 i - a ring of magical power
Scrolls
 e - 2 scrolls of identify {unknown}
 f - 3 scrolls of teleportation {unknown}
 h - a scroll of fear {unknown}
Potions
 d - a potion of might
 g - a potion of heal wounds {unknown}


   Skills:
 - Level 3.6 Fighting
 + Level 4.8 Axes
 - Level 3.6 Armour
 - Level 4.0 Shields


You had 2 spell levels left.
You didn't know any spells.
Your spell library was empty.

Dungeon Overview and Level Annotations

Branches:
Dungeon (2/15)

Altars:
Wu Jian

Annotations:
D:2 Sigmund


Innate Abilities, Weirdness & Mutations

You have a pair of horns on your head.
You reflexively headbutt those who attack you in melee.


Message History

No target in view!
No target in view!
You now have 80 gold pieces (gained 13).
A ball python comes into view.
The ball python hisses angrily.
A bat comes into view.
There are monsters nearby!
There are monsters nearby!
Sigmund the Dreaded comes into view.
He is wielding a +1 scythe of protection.
Found a scroll labelled CUOGYU RIMY.
Sigmund shouts!
The bat hits you.
You slash the ball python!
You kill the ball python!
The bat hits you but does no damage. You block the bat's attack.
Sigmund gestures at you while chanting.
You are confused.
You see here a ball python corpse.
You are too confused!
You are too confused!
The bat hits you but does no damage.
Sigmund hits you with a +1 scythe of protection!
The bat hits you but does no damage.
You bump into the rock wall.
The bat hits you but does no damage. The bat completely misses you.
Sigmund hits you from afar with a +1 scythe of protection!
You bump into the rock wall.
The bat hits you but does no damage. Sigmund casts a spell at you.
The magic dart hits you.
* * * LOW HITPOINT WARNING * * *
You bump into the rock wall.
You feel less confused. The bat hits you.
* * * LOW HITPOINT WARNING * * *
Sigmund closely misses you. You block the bat's attack.
You barely miss Sigmund. The bat hits you but does no damage.
Sigmund hits you with a +1 scythe of protection!
You die...

.........#
.........#
?.......#
........#
#.......#
#.#.....#
#.#@....# #
#.@b....#
#.##†.....#
#####
#.........#
##....
####......#
#.....
#......#
#.....
#.######
#.....
#.######
#.....
#......#
#.....
######.####
#.##'#


You could see Sigmund and a bat.

Vanquished Creatures
  2 adders (D:2)
  2 dart slugs
  5 ball pythons
  A bat (D:1)
  5 endoplasms
  A giant cockroach (D:1)
  4 goblins
  4 hobgoblins
  5 jackals (D:1)
  2 kobolds (D:1)
  A quokka (D:1)
  2 rats (D:1)
34 creatures vanquished.

Notes
Turn   | Place    | Note
-------+----------+-------------------------------------------
     0 | D:1      | lmSkywalker the Minotaur Fighter began the quest for the
                  | Orb.
     0 | D:1      | Reached XP level 1. HP: 19/19 MP: 0/0
   112 | D:1      | Reached XP level 2. HP: 21/26 MP: 1/1
   365 | D:1      | Found a faded altar of an unknown god.
   621 | D:1      | Reached XP level 3. HP: 24/31 MP: 2/2
   944 | D:2      | Found an ornate altar of the Wu Jian Council.
  1288 | D:2      | Noticed Sigmund
  1298 | D:2      | Slain by Sigmund

Illustrated notes

Levels and vault maps discovered:
D:1:      dpeg_arrival_simpleton_a, layout_basic, basic_ecumenical_altar
D:2:      layout_basic, basic_altar, kennysheep_generic_room_7, uniq_sigmund,
          uniq_jessica

Skill      XL: |  1  2 |
---------------+-------+-----
Axes           | 3 4 |  4.8
Shields        | 4 |  4.0
Fighting       | |  3.6
Armour         | |  3.6

Action                   || total
-------------------------++-------
Melee: War axe           ||    71
       Headbutt          ||     5
Armor: Scale mail        ||    40
Dodge: Dodged            ||    38
Block: Buckler           ||    16

Table legend: (Time is in decaauts)
 A = Elapsed time spent in this place.
 B = Non-inter-level travel time spent in this place.
 C = Inter-level travel time spent in this place.
 D = Time resting spent in this place.
 E = Time spent auto-exploring this place.
 F = Levels seen in this place.
 G = Mean time per level.
                   A        B        C        D        E       F      G
               +--------+--------+--------+--------+--------+-----+--------+
         Total |   1320 |   1318 |      2 |      0 |   1124 |   2 |  660.0 |
       Dungeon |   1320 |   1318 |      2 |      0 |   1124 |   2 |  660.0 |
               +--------+--------+--------+--------+--------+-----+--------+

Top non-repeatable levels by time:
     D:1: 953 daAuts
     D:2: 367 daAuts
